Map: Defender's Landing LE

Players

GimpyGlance

  • Race: Terran Terran
  • League: Silver
  • Spawn Location: 1:00

Whiskydog - Winner!

  • Race: Terran Terran
  • League: Silver
  • Spawn Location: 7:00

VOD

Have the link to the VOD?

Description

Time

  • Played on: June 18, 2017, 4:26 a.m.
  • Length: 17:53
Show
View Real Time Build Order
Export as new Build Order

GimpyGlance Terran 

Build Orders:  

Get SALT Encoding   

  12  0:02  SCV  
  13  0:14  SCV  
  14  0:25  Supply Depot  
  14  0:27  SCV  
  15  0:37  Refinery  
  15  0:47  SCV  
  15  0:49  Barracks  
  16  0:56  Refinery  
  16  0:59  SCV  
  17  1:11  SCV  
  18  1:23  SCV  
  19  1:35  SCV  
  19  1:36  Barracks Tech Lab  
  20  1:45  Factory  
  20  1:48  SCV  
  21  1:58  Supply Depot  
  21  2:00  SCV  
  22  2:12  SCV  
  23  2:17  Barracks Reactor  
  23  2:20  Barracks  
  23  2:29  Factory Tech Lab  
  23  2:33  Starport  
  23  2:43  SCV  
  24  2:49  Siege Tank  
  27  2:54  Reaper x2  
  29  3:09  Orbital Command  
  29  3:10  Supply Depot  
  29  3:11  Bunker  
  29  3:20  Starport Tech Lab  
  29  3:28  Marine  
  29  3:29  Marine  
  29  3:33  Marauder  
  33  3:37  Supply Depot  
  33  3:41  Raven  
  33  3:46  Marine x2  
  37  4:01  Supply Depot  
  37  4:21  Command Center  
  37  4:26  Marine  
  37  4:27  Marine  
  39  4:35  Siege Tank  
  42  4:49  Armory  
  42  4:56  Engineering Bay  
  42  5:04  Marine  
  42  5:05  Marine  
  44  5:31  Marine x2  
  44  5:34  SCV  
  47  5:44  Ghost Academy  
  47  5:46  Terran Vehicle Weapons Level 1  
  47  5:47  SCV  
  48  5:53  Factory  
  48  5:59  SCV  
  48  6:00  Terran Infantry Weapons Level 1  
  49  6:05  Infernal Pre-Igniter  
  49  6:11  SCV  
  50  6:22  Personal Cloaking  
  50  6:23  SCV  
  51  6:35  SCV  
  52  6:44  Marine  
  52  6:46  Marine  
  54  6:47  SCV  
  55  6:56  Ghost  
  55  6:59  SCV  
  58  7:06  Factory Reactor  
  58  7:11  SCV  
  58  7:15  Refinery  
  59  7:17  Marine x2  
  61  7:23  SCV  
  61  7:25  Medivac  
  64  7:36  SCV  
  65  7:43  Barracks  
  65  7:47  Hellion x2  
  65  7:48  Nuke, SCV  
  70  8:00  SCV  
  71  8:08  Widow Mine x2  
  71  8:10  Marauder  
  71  8:11  Marine x2  
  79  8:20  Siege Tank  
  79  8:23  SCV  
  83  8:29  Marine x2  
  85  8:35  SCV  
  85  8:37  Cyclone, Hellbat  
  91  8:47  Marine x2, SCV  
  94  8:50  Command Center  
  94  8:53  Banshee  
  97  8:57  Cloaking Field  
  97  8:59  Hellion, SCV  
  100  9:05  Marine x2  
  102  9:26  Supply Depot x2  
  102  9:27  Supply Depot  
  102  9:28  Supply Depot  
  102  9:35  Terran Infantry Weapons Level 2  
  102  9:37  Barracks Reactor  
  102  9:43  Starport  
  102  9:47  SCV, Banshee  
  102  9:48  Hellion  
  102  9:50  Supply Depot  
  108  9:53  Supply Depot  
  108  10:09  SCV  
  110  10:21  SCV  
  110  10:29  Marine  
  110  10:30  Marine  
  110  10:32  Marine x2  
  110  10:33  SCV  
  115  10:38  Starport Reactor  
  115  10:45  Bunker, SCV  
  115  10:47  Marine, Siege Tank  
  115  10:48  Marine  
  115  10:49  Marine  
  121  10:50  Marine  
  123  10:57  SCV  
  124  11:05  Marine x2  
  124  11:07  Marine  
  124  11:08  Marine  
  128  11:23  Marine x2  
  128  11:25  Marine x2  
  102  11:58  Medivac  
  102  11:59  Medivac  
  102  12:00  Widow Mine  
  102  12:01  Widow Mine  
  108  12:05  Banshee  
  113  12:24  Marine x2  
  113  12:25  Marine x2  
  113  12:27  Nuke  
  113  12:28  Ghost  
  113  12:29  Widow Mine x2  
  115  12:42  Marine x2  
  115  12:43  Marine x2  
  94  12:47  Banshee  
  77  12:54  Siege Tank  
  77  12:57  Widow Mine  
  77  12:58  Widow Mine  
  84  12:59  Marine  
  84  13:00  Marine  
  84  13:01  Marine x2  
  88  13:17  Marine  
  88  13:18  Marine x2  
  88  13:19  Marine  
  92  13:26  Widow Mine x2  
  96  13:30  Viking  
  98  13:35  Marine x2  
  98  13:40  Thor  
  106  14:24  Command Center  
  106  15:36  SCV  
  105  15:48  SCV  
  104  16:00  SCV  
  39  16:49  Banshee  
Show
View Real Time Build Order
Export as new Build Order

Whiskydog Terran - Winner!

Build Orders: MMM Bio 

Get SALT Encoding   

  12  0:01  SCV  
  13  0:13  SCV  
  14  0:20  Supply Depot  
  14  0:25  SCV  
  15  0:41  SCV  
  16  0:43  Barracks  
  16  0:53  SCV  
  17  1:01  Refinery  
  17  1:05  SCV  
  17  1:11  Supply Depot  
  18  1:18  SCV  
  19  1:30  SCV  
  20  1:35  Barracks  
  20  1:42  Orbital Command  
  20  1:51  Barracks Reactor  
  20  2:09  Barracks  
  20  2:10  Refinery  
  20  2:22  Command Center  
  20  2:28  SCV  
  21  2:34  Barracks Tech Lab  
  21  2:40  SCV  
  21  2:41  Marine x2  
  24  2:54  Factory  
  24  2:58  Stimpack  
  24  3:06  Marine x2  
  24  3:08  Marine  
  24  3:11  Barracks Reactor  
  27  3:19  SCV  
  28  3:27  Marine x2  
  28  3:28  Marine  
  28  3:34  SCV  
  32  3:40  Barracks  
  32  3:43  Supply Depot  
  32  3:46  Supply Depot, Marine  
  33  3:50  SCV  
  34  3:59  Orbital Command  
  34  4:03  Marine  
  34  4:04  Marine  
  34  4:09  SCV  
  37  4:12  Marine  
  37  4:13  Marine  
  39  4:18  Marauder  
  39  4:23  SCV  
  42  4:32  SCV  
  42  4:33  Marine x2  
  42  4:35  SCV  
  42  4:36  Barracks Reactor  
  46  4:43  Factory Reactor  
  46  4:44  SCV  
  46  4:45  Starport  
  47  4:48  Marine  
  47  4:49  Marine  
  47  4:50  Reaper  
  50  5:03  Barracks  
  50  5:07  Marine x4  
  50  5:13  Marine x2  
  56  5:23  Marauder  
  56  5:24  Marine  
  59  5:30  Factory Tech Lab  
  59  5:32  Engineering Bay  
  59  5:35  Engineering Bay  
  59  5:38  Marine x3  
  62  5:51  Barracks  
  62  5:57  Barracks  
  62  6:10  Barracks Tech Lab  
  62  6:13  Refinery  
  62  6:15  Terran Infantry Weapons Level 1  
  62  6:20  Terran Infantry Armor Level 1  
  62  6:27  Supply Depot  
  62  6:30  Supply Depot  
  62  6:38  Combat Shields  
  62  6:44  Barracks Tech Lab  
  62  6:45  Barracks Reactor  
  62  6:49  Marauder, Marine x4, SCV x2  
  62  6:51  Marine x2  
  62  6:52  Marauder  
  74  6:59  Starport  
  76  7:01  Starport, Medivac, SCV x2  
  78  7:15  Medivac, Marine x2  
  82  7:20  Supply Depot  
  82  7:22  Supply Depot, Marine x2  
  82  7:23  Marine  
  82  7:27  Supply Depot  
  85  7:31  Marauder, Marine  
  85  7:36  Medivac  
  90  7:38  Starport Tech Lab  
  90  7:40  Starport Tech Lab  
  90  7:44  SCV  
  90  7:51  Marine x4  
  92  7:55  Marauder  
  97  7:59  Refinery  
  97  8:00  SCV  
  97  8:02  SCV  
  99  8:11  Medivac x2  
  99  8:12  SCV  
  104  8:17  Banshee  
  107  8:26  Marine x3  
  107  8:27  Marine x3  
  113  8:35  SCV x2  
  115  8:47  SCV x2, Armory  
  117  8:49  Fusion Core  
  117  8:53  Marine  
  118  9:03  Supply Depot  
  118  9:06  Supply Depot  
  118  9:10  Supply Depot  
  118  9:23  Marine, Banshee  
  118  9:24  Marauder x2, Marine x3  
  126  9:25  Siege Tank  
  132  9:51  Marine x2  
  132  9:52  Marine x5  
  138  9:54  Marauder  
  138  9:57  Command Center  
  138  9:59  Weapon Refit  
  140  10:23  SCV x2  
  142  10:28  Marine x3  
  142  10:29  Marauder, Marine  
  142  10:30  Marauder  
  150  10:44  Supply Depot  
  150  10:47  Supply Depot  
  150  11:06  Medivac, Marauder, SCV  
  150  11:11  Supply Depot x2  
  155  11:12  Supply Depot x3  
  155  11:13  Marine x4  
  155  11:14  Marine x3  
  162  11:20  Planetary Fortress  
  152  12:19  Marine x4  
  152  12:20  Marine x6  
  152  12:21  Marauder  
  164  12:23  Raven x2  
  166  12:38  Marauder  
  125  13:01  Medivac x2  
  125  13:02  Marine  
  125  13:03  Marine x8  
  125  13:04  Marauder x2  
  142  13:06  Raven x2  
  146  13:20  Marine x3  
  146  13:21  Marine x4  
  146  13:22  Marauder  
  146  13:26  Marauder x2  
  159  13:31  Marine  
  160  13:38  Marine  
  160  13:40  Command Center  
  161  13:43  Marauder  
  161  13:47  Marauder x2  
  167  13:56  Refinery  
  167  13:57  Refinery  
  167  14:04  Marine x5  
  167  14:05  Marauder, Marine x2  
  167  14:06  Marine  
  167  14:08  Marauder  
  167  14:09  Marauder  
  181  14:23  Marine x5  
  186  14:24  Marine x2  
  186  14:28  Terran Infantry Weapons Level 2  
  188  14:54  Refinery  
  188  14:57  Marine x4  
  188  14:58  Marine x4  
  188  14:59  Marauder x2  
  200  15:02  Terran Infantry Armor Level 2  
  133  16:20  Marine  
  133  16:21  Marine x7  
  133  16:23  Medivac  
  133  16:24  Raven x2  
  133  16:25  Medivac  
  138  16:26  Marine x3  
  132  16:38  Marine x2  
  132  16:39  Marine x2  
  121  16:47  Marine x2  
  121  16:48  Marine x5  
  121  16:53  Medivac  
  126  16:55  Medivac  
  126  16:56  Marine x2  
  126  16:57  Marine x2  
  127  17:05  Marine  
  127  17:07  Raven x2  
  114  17:32  Marine x4  
  114  17:33  Marine x7  
Tags
 
Composition
MMM Bio
Matchup
TvT
Race
Terran
Replay Pack
SIII
Spawn Locations
Cross Positions
Add a new tag
Caveats
  • Supply blocks, unpowered buildings, or Contaminate may cause inaccurate times.
  • Supply counts are checked every 10 seconds.